 Dungeon Crawl Stone Soup version 0.27.1-33-g824d729ab1 (webtiles) character file.

Game seed: 18069112083185079274

301153 jlumianski the Warrior (level 21, -4/139 HPs)
             Began as a Gargoyle Fighter on Dec 2, 2021.
             Was the Champion of Okawaru.
             Killed from afar by a deep elf sorcerer (33 damage)
             ... with damnation
             ... on level 3 of the Elven Halls on Dec 4, 2021.
             The game lasted 05:12:01 (59907 turns).

jlumianski the Warrior (Gargoyle Fighter)          Turns: 59907, Time: 05:12:04

Health: -4/139     AC: 65    Str: 38    XL:     21   Next: 3%
Magic:  27/34      EV: 11    Int: 13    God:    Okawaru [******]
Gold:   739        SH:  0    Dex: 12    Spells: 35/39 levels left

rFire    + . .     SeeInvis +   V - +9 heavy crossbow "Sniper" {vorpal, Acc+∞ SInv}
rCold    + + .     Faith    +   (shield currently unavailable)
rNeg     + . .     Spirit   .   i - +0 crystal plate armour
rPois    ∞         Reflect  .   p - +2 helmet {SInv}
rElec    +         Harm     .   O - +3 cloak "Roamajyg" {Dex+2}
rCorr    .         Rampage  +   y - +2 pair of gloves {Stlth+}
Will     ++...                  g - +2 pair of boots {rampage}
Stlth    ..........             H - amulet of faith
HPRegen  0.33/turn              c - ring "Enasuafu" {rF+ Will+ AC+4 Int+4}
MPRegen  0.24/turn              z - ring "Baelowel" {rC+ Str+9}

@: heroic, finesse-ful, wereblooded, flying, studying Short Blades
A: sickness immunity, AC +16, big wings, negative energy resistance 1,
electricity resistance, torment resistance 1, petrification resistance,
iridescent scales 1, see invisible, cold resistance 1
}: 2/15 runes: barnacled, gossamer
a: Renounce Religion, Heroism, Finesse


You were on level 3 of the Elven Halls.
You worshipped Okawaru.
Okawaru was exalted by your worship.
You visited 7 branches of the dungeon, and saw 35 of its levels.
You also visited: Gauntlet.

You collected 3325 gold pieces.
You spent 2586 gold pieces at shops.

Inventory:

Hand Weapons
 f - the +6 morningstar "Giunki" {vorpal, +Rage rElec Will++ Str+4}
   (You found it on level 12 of the Dungeon)

   It inflicts extra damage upon your enemies.
   Str:       It affects your strength (+4).
   rElec:     It insulates you from electricity.
   +Rage:     It lets you go berserk.
   Will:      It greatly increases your willpower.
 l - the +7 pair of quick blades "Gyre" and "Gimble" {protect}
   (You found it in a Gauntlet)

   It grants its wielder temporary protection when it strikes (+7 to AC).
 s - the +5 lajatang "Orb Guardian's Death" {speed, Dex+3}
   (You acquired it on level 6 of the Dungeon)

   Attacks with this weapon are significantly faster.
   Dex:       It affects your dexterity (+3).
 v - the +5 trident "Watogose" {drain, *Noise rPois rCorr Dex+5}
   (You found it on level 6 of the Lair of Beasts)

   A truly terrible weapon, it drains the life of any living foe it strikes.
   Dex:       It affects your dexterity (+5).
   rPois:     It protects you from poison.
   *Noise:    It may make noises in combat.
   rCorr:     It protects you from acid and corrosion.
 B - the +8 flail "Tuty" {holy, Will+ MP+9 Stlth+}
   (You found it on level 14 of the Dungeon)

   It has been blessed by the Shining One to cause great damage to the undead
   and demons.
   MP:        It affects your magic capacity (+9).
   Will:      It increases your willpower.
   Stlth:     It makes you more stealthy.
 V - the +9 heavy crossbow "Sniper" (weapon) {vorpal, Acc+∞ SInv}
   (You found it on level 2 of the Elven Halls)

   Any ammunition fired from it inflicts extra damage upon your enemies.
   Any ammunition fired from it never misses its target.
   SInv:      It lets you see invisible.
Missiles
 a - 122 bolts (quivered ammo)
 d - 14 javelins
 w - 75 boomerangs
 D - 7 curare-tipped darts
 W - 8 boomerangs of dispersal
Armour
 g - a +2 pair of boots of rampaging (worn)
 i - a +0 crystal plate armour (worn)
 p - a +2 helmet of see invisible (worn)
 y - a +2 pair of gloves of stealth (worn)
 O - the +3 cloak "Roamajyg" (worn) {Dex+2}
   (You found it in a Gauntlet)

   Dex:       It affects your dexterity (+2).
Jewellery
 c - the ring "Enasuafu" (left hand) {rF+ Will+ AC+4 Int+4}
   (You found it in a Gauntlet)

   [ring of protection]

   AC:        It affects your AC (+4).
   Int:       It affects your intelligence (+4).
   rF:        It protects you from fire.
   Will:      It increases your willpower.
 m - a +6 ring of intelligence
 z - the ring "Baelowel" (right hand) {rC+ Str+9}
   (You found it in a Gauntlet)

   [ring of protection from cold]

   Str:       It affects your strength (+9).
   rC:        It protects you from cold.
 C - a +6 ring of strength
 G - a ring of positive energy
 H - an amulet of faith (around neck)
Wands
 q - a wand of digging (18)
 x - a wand of acid (35)
 A - a wand of flame (51)
 E - a wand of mindburst (19)
 I - a wand of iceblast (44)
Scrolls
 j - 19 scrolls of identify
 k - 3 scrolls of fog
 n - a scroll of holy word
 t - 3 scrolls of magic mapping
 L - 7 scrolls of silence
 N - a scroll of fear
 R - 9 scrolls of teleportation
 Y - 2 scrolls of blinking
Potions
 b - 4 potions of heal wounds
 o - 8 potions of curing
 r - a potion of resistance
 u - 4 potions of cancellation
 F - 5 potions of haste
 J - a potion of brilliance
 K - 3 potions of invisibility
 M - 4 potions of might
Miscellaneous
 e - a lightning rod (4/4)
 h - a condenser vane (inert)
 Q - a tin of tremorstones (1/2)


   Skills:
 + Level 17.0(22.0) Fighting
 - Level 8.0(13.0) Short Blades
 - Level 5.8(11.4) Axes
 + Level 4.3(16.0) Maces & Flails
 - Level 13.9(19.2) Staves
 + Level 2.2(8.6) Slings
 + Level 0.2(5.2) Crossbows
 + Level 4.5(9.8) Throwing
 + Level 14.8(19.8) Armour
 + Level 5.0(10.0) Dodging
 * Level 10.5(15.5) Stealth
 + Level 5.8(10.8) Shields
 * Level 9.9 Spellcasting
 + Level 3.8 Translocations
 * Level 8.2 Transmutations
 * Level 14.3 Invocations
 * Level 11.7 Evocations


You had 35 spell levels left.
You knew the following spells:

 Your Spells              Type           Power      Damage    Failure   Level
a - Blink                 Tloc           N/A        N/A       22%         2
b - Wereblood             Tmut           27%        N/A       3%          2

Your spell library contained the following spells:

 Spells                   Type           Power      Damage    Failure   Level
 Beastly Appendage        Tmut           54%        N/A       2%          1
 Sting                    Tmut/Pois      68%        1d6       13%         1
 Apportation              Tloc           32%        N/A       14%         1
 Spider Form              Tmut/Pois      8%         N/A       36%         3
 Gell's Gravitas          Tloc           8%         N/A       41%         3
 Animate Skeleton         Necr           12%        N/A       58%         1
 Corona                   Hex            6%         N/A       58%         1
 Freeze                   Ice            24%        1d5       58%         1
 Pain                     Necr           24%        1d5       58%         1
 Shock                    Conj/Air       24%        1d4       58%         1
 Summon Small Mammal      Summ           24%        N/A       58%         1
 Corpse Rot               Necr/Air       N/A        N/A       73%         2
 Ensorcelled Hibernation  Hex/Ice        12%        N/A       73%         2
 Poisonous Vapours        Pois/Air       12%        N/A       73%         2
 Slow                     Hex            6%         N/A       73%         2
 Static Discharge         Conj/Air       6%         N/A       73%         2
 Petrify                  Tmut/Erth      17%        N/A       78%         4
 Passage of Golubria      Tloc           N/A        N/A       82%         4
 Confusing Touch          Hex            6%         N/A       91%         3
 Dazzling Flash           Conj/Hex       12%        N/A       91%         3
 Frozen Ramparts          Ice            12%        1d3       91%         3
 Mephitic Cloud           Conj/Pois/Air  6%         N/A       91%         3
 Ozocubu's Armour         Ice            6%         N/A       91%         3
 Swiftness                Air            6%         N/A       91%         3
 Tukima's Dance           Hex            6%         N/A       91%         3
 Vampiric Draining        Necr           3%         2d6       91%         3
 Alistair's Intoxication  Tmut/Pois      11%        N/A       98%         5
 Irradiate                Conj/Tmut      8%         3d16      98%         5
 Yara's Violent Unravell  Hex/Tmut       8%         3d5       98%         5
 Manifold Assault         Tloc           16%        N/A       99%         5
 Airstrike                Air            3%         N/A       100%        4
 Dispel Undead            Necr           6%         3d8       100%        4
 Fulminant Prism          Conj/Hex       3%         3d6       100%        4
 Hailstorm                Conj/Ice       6%         3d4       100%        4
 Olgreb's Toxic Radiance  Pois           6%         N/A       100%        4
 Sticky Flame             Conj/Fire      6%         2d3       100%        4
 Summon Lightning Spire   Summ/Air       6%         N/A       100%        4
 Agony                    Necr           6%         N/A       100%        5
 Lee's Rapid Deconstruct  Erth           3%         3d6*      100%        5
 Lightning Bolt           Conj/Air       3%         1d14      100%        5
 Metabolic Englaciation   Hex/Ice        3%         N/A       100%        5
 Silence                  Hex/Air        3%         N/A       100%        5
 Death Channel            Necr           3%         N/A       100%        6
 Dispersal                Tloc           8%         N/A       100%        6
 Invisibility             Hex            3%         N/A       100%        6
 Iron Shot                Conj/Erth      3%         9d2       100%        6
 Shadow Creatures         Summ           N/A        N/A       100%        6
 Simulacrum               Ice/Necr       3%         N/A       100%        6
 Storm Form               Tmut/Air       8%         N/A       100%        7
 Dragon's Call            Summ           3%         N/A       100%        9
 Sublimation of Blood     Necr           Unusable   N/A       N/A         2

Dungeon Overview and Level Annotations

Branches:
Dungeon (15/15)            Temple (1/1) D:6            Lair (6/6) D:8
 Shoals (4/4) Lair:2       Spider (4/4) Lair:3        Slime (0/5) Lair:6
    Orc (2/2) D:10            Elf (3/3) Orc:2        Vaults (0/5) D:14
 Depths (0/5) D:15        Gauntlet (visited)

Altars:
Ashenzari
Cheibriados
Dithmenos
Elyvilon
Fedhas
Gozag
Hepliaklqana
Kikubaaqudgha
Makhleb
Nemelex Xobeh
Okawaru
Qazlal
Ru
Sif Muna
Trog
Uskayaw
Vehumet
Wu Jian
Xom
Yredelemnul
Zin
The Shining One
Beogh

Shops:
Orc:2 (([(   Elf:2 !   Elf:3 *

Annotations:
D:5 1 runed translucent door, AltoTato's ghost, novice DrBe
Elf:3 3 runed translucent doors


Innate Abilities, Weirdness & Mutations

You are immune to sickness and miasma.
Your stone body is resilient. (AC +16)
You are immune to poison.
Your large and strong wings let you fly.
You resist negative energy. (rN+)
You are resistant to electric shocks. (rElec)
You are resistant to unholy torment.
You are immune to petrification.
You are partially covered in iridescent scales. (AC +2)
You have supernaturally acute eyesight. (SInv)
Your flesh is cold resistant. (rC+)


Message History

The deep elf elementalist gestures at you while chanting.
You have reached level 21!
Your experience leads to an increase in your attributes!
Your base attributes are Str 28, Int 9, Dex 10.
Increase (S)trength, (I)ntelligence, or (D)exterity?
You feel stronger.
Fire: 125 bolts
Press: ? - help, Q - select action, (/) - cycle Shift-Dir - straight line, f - deep elf death mage
Aim: a deep elf death mage, wielding a +0 long sword (lightly wounded, 100% to hit)
You shoot a bolt.
The bolt hits the deep elf death mage!!!
You kill the deep elf death mage!
Okawaru accepts your kill.
You are engulfed in freezing vapours.
You resist.
A deep elf sorcerer comes into view. It is wielding a +0 dagger.
The deep elf elementalist is engulfed in freezing vapours.
A deep elf master archer comes into view.
Fire: 124 bolts
Press: ? - help, Q - select action, (/) - cycle Shift-Dir - straight line, f - deep elf elementalist
Aim: a deep elf elementalist, wielding a +0 long sword (negative energy, almost dead, repelling missiles, 100% to hit)
You shoot a bolt.
The bolt hits the deep elf elementalist!!!!
You kill the deep elf elementalist!
Okawaru accepts your kill.
You are engulfed in freezing vapours.
You resist.
The deep elf sorcerer is engulfed in freezing vapours.
The deep elf master archer is engulfed in freezing vapours.
Your base Fighting skill increases to level 17!
Fire: 123 bolts
Press: ? - help, Q - select action, (/) - cycle Shift-Dir - straight line, f - deep elf sorcerer
Aim: a deep elf sorcerer, wielding a +0 dagger and wearing a +0 ring mail (lightly wounded, 100% to hit)
You shoot a bolt. The bolt hits the deep elf sorcerer!!!
The deep elf sorcerer is almost dead.
You howl as the wereblood boils in your veins!
You are engulfed in freezing vapours.
You resist.
The deep elf sorcerer mumbles some strange words.
You feel troubled.
The deep elf sorcerer casts a spell at you.
The sphere of damnation explodes!
The damnation engulfs you!!
You die...

#...
#............#
#<.#
##°...........#
#..
#°............#
#^#
#○#############
##'# #○# #..#
#°# '.(# #°#
'..# #.# #..#
#@# #..# #)#
##.# §§§ ...#
()§). ...#
§)§§○)) ...#
§§☼§§§§.. ...#
§§§§§ee§...
...#
.§§§§§§§§....
..##


You could see a deep elf master archer and a deep elf sorcerer.

Vanquished Creatures
  Arachne (Spider:2)
  A deep elf master archer (Elf:3)
  3 deep elf blademasters
  2 krakens
  3 sphinxes (Shoals:4)
  Frances (Shoals:1)
  Agnes (D:15)
  Kirke (Shoals:4)
  A storm dragon (Elf:1)
  Ilsuiw (Shoals:3)
  4 deep elf sorcerers
  Louise (Elf:3)
  2 deep elf elementalists (Elf:3)
  8 emperor scorpions
  An iron dragon (Elf:2)
  5 ghost moths
  2 angels (Elf:2)
  3 deep elf annihilators
  5 deep elf demonologists
  2 minotaurs
  An entropy weaver (Spider:2)
  A dire elephant (D:15)
  An ettin (D:15)
  The ghost of pkoi the Grappler, a journeyman DrMo of Makhleb (Lair:1)
  Snorg (Lair:5)
  A deep elf death mage (Elf:3)
  7 deep elf high priests
  3 merfolk impalers
  2 fire dragons
  An ice dragon (Elf:1)
  A yaktaur captain (D:13)
  Erolcha (D:9)
  4 boulder beetles
  A rakshasa (D:14)
  12 hydras
  Harold (D:7)
  A catoblepas (D:15)
  2 death knights
  A centaur warrior (D:13)
  2 alligator snapping turtles
  27 dancing weapons
  3 merfolk aquamancers
  5 two-headed ogres
  15 satyrs
  2 merfolk avatars
  A two-headed ogre (shapeshifter) (D:13)
  A death yak (Lair:3)
  5 tengu warriors
  The ghost of Ekaitz the Zephyrmancer, a journeyman TeAE of Vehumet (D:10)
  6 orc high priests
  23 deep elf knights
  A hell knight (D:15)
  A skeletal warrior (D:12)
  A glowing orange brain (Gauntlet)
  A wretched star (Gauntlet)
  14 sea snakes
  Pikel (D:6)
  7 deep elf archers
  21 orb spiders
  30 deep elf zephyrmancers
  11 orc knights
  19 harpies
  2 necromancers (D:15)
  6 orc sorcerers
  7 ugly things
  33 deep elf pyromancers
  12 cyclopes
  21 manticores
  26 wolf spiders
  An oklob plant (Lair:4)
  9 elephants
  25 fauns
  10 merfolk sirens
  8 black mambas
  A black mamba (shapeshifter) (D:13)
  4 water nymphs
  3 torpor snails
  A gargoyle (D:14)
  19 cane toads
  A kobold demonologist (D:13)
  4 unseen horrors
  4 rime drakes
  13 komodo dragons
  A hellwing (D:14)
  A freezing wraith (D:12)
  12 demonic crawlers
  A tengu conjurer (D:14)
  A red devil (D:14)
  3 meliai
  36 jumping spiders
  7 trolls
  13 hornets
  3 wind drakes
  6 snapping turtles
  17 merfolk
  4 polar bears
  24 blink frogs
  A raiju (D:15)
  11 slime creatures
  16 dream sheep
  A shadow (D:10)
  54 redbacks
  4 air elementals
  A vampire (D:11)
  34 tarantellas
  9 wyverns
  A redback (shapeshifter) (Elf:2)
  Sigmund (D:5)
  2 spriggans
  2 centaur simulacra
  11 basilisks
  6 wraiths
  49 yaks
  3 fire elementals
  Eustachio (D:4)
  A golden eye (shapeshifter) (D:13)
  16 water elementals
  A neqoxec (Gauntlet)
  3 steam dragons
  2 vampire mosquitoes (D:13)
  4 wargs
  Edmund (D:3)
  An acid dragon (D:9)
  17 water moccasins
  46 orc warriors
  A black bear (shapeshifter) (D:10)
  An ice beast (D:6)
  3 black bears
  4 ogres
  A necrophage (D:5)
  30 wolves
  5 boggarts (D:15)
  3 centaurs
  2 phantoms
  3 lemures (D:6)
  2 kobold brigands
  11 bullfrogs
  5 earth elementals
  3 scorpions
  2 water moccasin skeletons (D:6)
  3 troll zombies (D:10)
  5 wights (D:10)
  34 killer bees
  5 electric eels
  A crimson imp (D:14)
  2 centaur zombies
  40 orc priests
  A centaur skeleton (D:4)
  4 jellies
  4 quasits (D:14)
  A hound (D:4)
  3 iron imps
  2 gnoll shamans
  2 iguanas (D:4)
  Ijyb (D:4)
  Jessica (D:2)
  Natasha (D:3)
  23 orc wizards
  3 ogre zombies (D:10)
  A howler monkey zombie (D:6)
  14 gnolls
  2 adders
  6 river rats (D:14)
  5 shadow imps
  5 white imps
  5 ufetubi
  An adder zombie (D:5)
  3 worms
  2 dart slugs
  114 orcs
  3 ball pythons
  6 endoplasms
  A giant cockroach (D:1)
  6 hobgoblins
  7 jackals
  5 quokkas
  6 bats
  4 frilled lizards
  6 goblins
  3 goblin zombies (D:10)
  A hobgoblin skeleton (D:10)
  2 hobgoblin zombies (D:10)
  17 kobolds
  An orc skeleton (D:10)
  12 orc zombies (D:10)
  2 rats
  A fungus (D:15)
  3 plants
  5 tentacles
1388 creatures vanquished.

Vanquished Creatures (others)
  A satyr (Shoals:4)
  2 redbacks (Spider:4)
  3 humans (Shoals:4)
  A killer bee (D:13)
  An orc wizard (Elf:2)
  4 orcs
  A demonic plant (Gauntlet)
  22 fungi
  132 plants
  9 tentacles
  13 toadstools (Lair:4)
189 creatures vanquished.

Grand Total: 1577 creatures vanquished

Notes
Turn   | Place    | Note
-------+----------+-------------------------------------------
     0 | D:1      | jlumianski the Gargoyle Fighter began the quest for the
                  | Orb.
     0 | D:1      | Reached XP level 1. HP: 14/14 MP: 1/1
   299 | D:1      | Reached XP level 2. HP: 19/19 MP: 2/2
   395 | D:2      | Noticed Jessica
   402 | D:2      | Killed Jessica
   403 | D:2      | Reached XP level 3. HP: 18/24 MP: 3/3
   913 | D:1      | Reached XP level 4. HP: 13/29 MP: 4/4
  1904 | D:2      | Gained mutation: Your muscles are strong. (Str +2) [potion
                  | of mutation]
  1904 | D:2      | Gained mutation: Your flesh is cold resistant. (rC+)
                  | [potion of mutation]
  1904 | D:2      | Gained mutation: Potions are less effective at restoring
                  | your health. [potion of mutation]
  1923 | D:2      | Lost mutation: Your flesh is cold resistant. (rC+) [potion
                  | of mutation]
  1923 | D:2      | Lost mutation: Your muscles are strong. (Str +2) [potion of
                  | mutation]
  1923 | D:2      | Lost mutation: Potions are less effective at restoring your
                  | health. [potion of mutation]
  1923 | D:2      | Gained mutation: You have supernaturally acute eyesight.
                  | (SInv) [potion of mutation]
  1923 | D:2      | Gained mutation: Your flesh is cold resistant. (rC+)
                  | [potion of mutation]
  1923 | D:2      | Gained mutation: You are partially covered in iridescent
                  | scales. (AC +2) [potion of mutation]
  2618 | D:4      | Reached XP level 5. HP: 33/33 MP: 5/5
  2621 | D:4      | Got the Almanac of Orientation and Hexes
  3067 | D:4      | Reached skill level 1 in Dodging
  3647 | D:5      | Entered Level 5 of the Dungeon
  3825 | D:4      | Reached skill level 4 in Fighting
  3825 | D:4      | Reached XP level 6. HP: 34/38 MP: 6/6
  3888 | D:4      | Noticed Edmund
  3888 | D:4      | Noticed Natasha
  3924 | D:3      | Killed Edmund
  3925 | D:3      | Killed Natasha
  4393 | D:4      | Noticed Ijyb
  4419 | D:4      | Killed Ijyb
  4680 | D:4      | Reached XP level 7. HP: 43/43 MP: 7/7
  4786 | D:4      | Noticed Eustachio
  4806 | D:4      | Killed Eustachio
  4807 | D:4      | Reached skill level 1 in Slings
  5012 | D:5      | Noticed a wraith
  5049 | D:5      | Reached skill level 5 in Axes
  5052 | D:5      | HP: 1/44 [wraith (11)]
  5055 | D:5      | Killed a wraith
  5056 | D:5      | Reached skill level 5 in Shields
  5056 | D:5      | Reached XP level 8. HP: 11/48 MP: 8/8
  5316 | D:5      | Reached skill level 5 in Armour
  5588 | D:5      | Noticed Sigmund
  5605 | D:5      | Killed Sigmund
  5802 | D:5      | Found a runed translucent door.
  5806 | D:5      | Noticed AltoTato's ghost (novice DrBe)
  6131 | D:6      | Found a staircase to the Ecumenical Temple.
  6139 | Temple   | Entered the Ecumenical Temple
  6442 | D:7      | Noticed Pikel
  6697 | D:6      | Reached skill level 5 in Fighting
  6818 | D:6      | Identified a scroll of acquirement
  6818 | D:6      | Acquired the +5 lajatang "Orb Guardian's Death" {speed,
                  | Dex+3}
  7014 | D:6      | Reached skill level 1 in Staves
  7358 | Temple   | Became a worshipper of Warmaster Okawaru
  7447 | D:6      | Killed Pikel
  7447 | D:6      | Reached * piety under Okawaru
  7448 | D:6      | Reached skill level 1 in Invocations
  7448 | D:6      | Reached XP level 9. HP: 12/54 MP: 8/10
  8032 | D:7      | Reached ** piety under Okawaru
  8139 | D:7      | Noticed Harold
  8149 | D:7      | Killed Harold
  8150 | D:7      | Reached skill level 6 in Fighting
  8415 | D:7      | Reached *** piety under Okawaru
  8416 | D:7      | Reached XP level 10. HP: 55/60 MP: 12/12
  8905 | D:8      | Found a staircase to the Lair.
  8941 | D:8      | HP: 1/61 [orc priest/divine providence (15)]
  9329 | D:7      | Reached skill level 1 in Throwing
  9591 | D:8      | Noticed a two-headed ogre
  9609 | D:8      | Killed a two-headed ogre
  9889 | D:9      | Noticed Erolcha
 10003 | D:8      | Reached **** piety under Okawaru
 10375 | D:8      | Noticed a cyclops
 10384 | D:8      | Killed a cyclops
 10914 | D:9      | Reached skill level 7 in Fighting
 11049 | D:9      | Reached XP level 11. HP: 63/67 MP: 14/14
 11068 | D:9      | Acquired a scarf of shadows
 11292 | D:9      | Noticed a cyclops
 11308 | D:9      | Killed a cyclops
 11309 | D:9      | Reached skill level 10 in Staves
 11400 | D:9      | Received a gift from Okawaru
 11496 | D:9      | Killed Erolcha
 11496 | D:9      | Reached ***** piety under Okawaru
 11497 | D:9      | Reached skill level 5 in Invocations
 11583 | D:10     | Entered Level 10 of the Dungeon
 11772 | D:10     | Noticed a two-headed ogre
 11780 | D:10     | Killed a two-headed ogre
 11780 | D:10     | Received a gift from Okawaru
 11781 | D:10     | Reached skill level 1 in Evocations
 11900 | D:10     | Reached skill level 8 in Fighting
 11919 | D:10     | Found a staircase to the Orcish Mines.
 12686 | D:10     | Found a stormy altar of Qazlal.
 13921 | D:11     | Found a runed translucent gate.
 13922 | D:11     | Found a runed translucent gate.
 13923 | D:11     | Found a runed translucent gate.
 13924 | D:11     | Noticed Ekaitz's ghost (journeyman TeAE)
 14316 | D:10     | Killed Ekaitz's ghost
 14515 | Lair:1   | Entered Level 1 of the Lair of Beasts
 14673 | D:12     | Noticed a cyclops
 14682 | D:12     | Killed a cyclops
 14683 | D:12     | Reached XP level 12. HP: 74/75 MP: 16/16
 14796 | D:12     | Identified the +6 morningstar "Giunki" {vorpal, +Rage rElec
                  | Will++ Str+4}
 14959 | D:12     | Noticed a two-headed ogre
 14971 | D:12     | Killed a two-headed ogre
 14972 | D:12     | Reached skill level 1 in Stealth
 15393 | D:12     | Identified the +7 battleaxe "Luqofuk" {elec, rElec rF-
                  | Str+7} (Okawaru gifted it to you on level 12 of the
                  | Dungeon)
 15393 | D:12     | Received a gift from Okawaru
 15463 | D:12     | Noticed a two-headed ogre
 15473 | D:12     | Killed a two-headed ogre
 15494 | D:12     | Noticed a tengu warrior
 15504 | D:12     | Killed a tengu warrior
 15505 | D:12     | Reached skill level 9 in Fighting
 15910 | D:13     | Noticed a centaur warrior
 15915 | D:13     | Killed a centaur warrior
 16040 | D:13     | Noticed a two-headed ogre
 16045 | D:13     | Killed a two-headed ogre
 16559 | D:12     | Reached XP level 13. HP: 39/80 MP: 16/18
 16946 | D:13     | Noticed a yaktaur captain
 17269 | D:13     | Noticed a deep elf high priest
 17316 | D:12     | Killed a deep elf high priest
 17316 | D:12     | Identified the +1 eveningstar of Netaemos {elec, Int+2}
                  | (Okawaru gifted it to you on level 12 of the Dungeon)
 17316 | D:12     | Received a gift from Okawaru
 17815 | D:13     | Killed a yaktaur captain
 17951 | D:13     | Reached skill level 5 in Evocations
 18087 | D:13     | Received a gift from Okawaru
 18088 | D:13     | Reached skill level 1 in Maces & Flails
 18463 | D:13     | Found a snail-covered altar of Cheibriados.
 18520 | D:14     | Noticed a rakshasa
 18564 | D:14     | Killed a rakshasa
 18573 | D:14     | Reached skill level 10 in Fighting
 18594 | D:14     | Found a gate to the Vaults.
 18772 | D:14     | Found an opulent altar of Gozag.
 19038 | D:14     | Reached ****** piety under Okawaru
 19495 | D:14     | Gained mutation: Your large and strong wings let you fly.
                  | [Gargoyle growth]
 19495 | D:14     | Reached XP level 14. HP: 71/88 MP: 20/20
 19738 | D:15     | Entered Level 15 of the Dungeon
 20110 | D:15     | Noticed Agnes
 20125 | D:15     | HP: 3/88 [Agnes (19)]
 20136 | D:15     | Killed Agnes
 20136 | D:15     | Identified the +1 ring mail "Taecs" {Dex+6} (Okawaru gifted
                  | it to you on level 15 of the Dungeon)
 20136 | D:15     | Received a gift from Okawaru
 20137 | D:15     | Reached skill level 1 in Spellcasting
 20618 | D:8      | Learned a level 2 spell: Blink
 20687 | Orc:1    | Entered Level 1 of the Orcish Mines
 20885 | Orc:2    | Entered Level 2 of the Orcish Mines
 21389 | Orc:1    | Reached skill level 1 in Translocations
 24306 | Orc:1    | Reached skill level 11 in Fighting
 24985 | Orc:2    | Found Xyma's Antique Weapon Shop.
 25115 | Orc:2    | Found a staircase to the Elven Halls.
 25294 | Orc:2    | Reached skill level 10 in Invocations
 25305 | Orc:2    | Found Seicle Pyte's Jewellery Shoppe.
 25305 | Orc:2    | Found Ceaneat's Weapon Shoppe.
 25306 | Orc:2    | Found Sufud Bakh's Antique Armour Shoppe.
 25306 | Orc:2    | Found Oros's Antique Weapon Emporium.
 26267 | Orc:1    | Received a gift from Okawaru
 26565 | Orc:2    | Bought a glowing lajatang for 486 gold pieces
 26633 | Orc:2    | Bought a pair of embroidered boots for 232 gold pieces
 26633 | Orc:2    | Bought a pair of runed boots for 232 gold pieces
 26633 | Orc:2    | Bought a pair of embroidered gloves for 232 gold pieces
 26633 | Orc:2    | Bought a glowing cloak for 232 gold pieces
 27134 | Lair:1   | Found a runed translucent door.
 27137 | Lair:1   | Found a shimmering altar of Xom.
 27137 | Lair:1   | Noticed pkoi's ghost (journeyman DrMo)
 27582 | Lair:1   | Killed pkoi's ghost
 27826 | Lair:2   | Found a gate leading to a gauntlet.
 27829 | Lair:2   | Received a gift from Okawaru
 27836 | Lair:2   | Identified the +0 leather armour of Distant Shores {Slay+2}
 27846 | Gauntlet | Entered a Gauntlet
 27846 | Gauntlet | Found a transporter.
 27852 | Gauntlet | Found a runed translucent door.
 27854 | Gauntlet | Found a transporter.
 27856 | Gauntlet | Found a runed translucent door.
 27867 | Gauntlet | Found a transporter.
 27884 | Gauntlet | Found a runed translucent door.
 27887 | Gauntlet | Found a transporter.
 27890 | Gauntlet | Found a transporter.
 27892 | Gauntlet | Found a transporter.
 27892 | Gauntlet | Found a transporter.
 27909 | Gauntlet | Found a transporter.
 27935 | Gauntlet | Found a transporter.
 27936 | Gauntlet | Found the +7 pair of quick blades "Gyre" and "Gimble"
                  | {protect}
 27976 | Gauntlet | Found a transporter.
 27981 | Gauntlet | Found a transporter.
 28035 | Gauntlet | Found a transporter.
 28035 | Gauntlet | Found a transporter.
 28057 | Gauntlet | Found a transporter.
 28161 | Gauntlet | Reached XP level 15. HP: 80/95 MP: 22/22
 28165 | Gauntlet | Identified the +10 dagger "Luecew" {freeze, rPois rC+
                  | Dex+3}
 28216 | Gauntlet | Identified the ring "Baelowel" {rC+ Str+9}
 28287 | Gauntlet | Identified the +3 cloak "Roamajyg" {Dex+2}
 28315 | Gauntlet | Identified the ring "Bamuuph" {rPois MP+9 Stlth+}
 28328 | Gauntlet | Identified the +11 trident of Sunlight {drain, rC++ Str+2}
 28328 | Gauntlet | Identified the ring "Enasuafu" {rF+ Will+ AC+4 Int+4}
 28546 | Lair:1   | Reached skill level 10 in Armour
 28908 | Lair:2   | Found a staircase to the Shoals.
 29675 | Lair:3   | Learned a level 2 spell: Wereblood
 30003 | Lair:3   | Reached skill level 1 in Transmutations
 30009 | Lair:3   | Reached skill level 12 in Fighting
 30240 | Lair:3   | Found a hole to the Spider Nest.
 30834 | Lair:3   | Received a gift from Okawaru
 31033 | Lair:4   | Identified the +8 fustibalus of Uncertain Death {flame,
                  | Str+2} (Okawaru gifted it to you on level 4 of the Lair of
                  | Beasts)
 31033 | Lair:4   | Received a gift from Okawaru
 31162 | Lair:4   | Reached skill level 5 in Dodging
 31507 | Lair:4   | Reached skill level 5 in Spellcasting
 31697 | Lair:4   | Found a blossoming altar of Fedhas.
 32645 | Lair:5   | Acquired the +0 pair of gloves of the True Pharaoh {+Inv
                  | rPois Regen+ Str-5}
 32846 | Lair:5   | Reached XP level 16. HP: 103/103 MP: 24/24
 33004 | Lair:5   | Noticed Snorg
 33017 | Lair:5   | Killed Snorg
 33704 | Lair:6   | Entered Level 6 of the Lair of Beasts
 33726 | Lair:5   | Received a gift from Okawaru
 34550 | Lair:5   | Reached skill level 13 in Fighting
 35047 | Lair:6   | Found a staircase to the Slime Pits.
 35658 | Lair:6   | Identified the +5 trident "Watogose" {drain, *Noise rPois
                  | rCorr Dex+5}
 36821 | D:15     | Found a radiant altar of Vehumet.
 36856 | D:15     | Identified the ring "Asen" {rC+ EV+4 Int+4 Dex+3}
 37400 | D:15     | Found a staircase to the Depths.
 37444 | D:15     | Received a gift from Okawaru
 37756 | D:14     | Identified the +8 flail "Tuty" {holy, Will+ MP+9 Stlth+}
 37797 | D:14     | Identified the +1 pair of gloves of Eternity {Int+4}
                  | (Okawaru gifted it to you on level 14 of the Dungeon)
 37797 | D:14     | Received a gift from Okawaru
 37821 | D:14     | Identified the +1 chain mail of Zaoligh {-Cast +Blink Str+3
                  | Dex+5 Slay-2}
 38655 | Spider:1 | Entered Level 1 of the Spider Nest
 38874 | Spider:1 | Identified the ring of Ecunaan {rCorr Int+3 Dex+5}
 39186 | Spider:1 | Reached XP level 17. HP: 107/110 MP: 26/26
 40211 | Spider:2 | HP: 3/110 [redback (7)]
 41181 | Spider:2 | Received a gift from Okawaru
 41192 | Spider:2 | Reached skill level 14 in Fighting
 41317 | Spider:2 | Received a gift from Okawaru
 41556 | Spider:2 | Identified the -3 pair of gloves of Loss {rN+ rCorr}
                  | (Okawaru gifted it to you on level 2 of the Spider Nest)
 41556 | Spider:2 | Received a gift from Okawaru
 41916 | Spider:3 | Noticed Arachne
 41920 | Spider:3 | Reached skill level 5 in Transmutations
 42792 | Spider:2 | Killed Arachne
 42793 | Spider:2 | Reached skill level 5 in Stealth
 43515 | Spider:4 | Entered Level 4 of the Spider Nest
 44879 | Spider:4 | Received a gift from Okawaru
 45058 | Spider:4 | Reached XP level 18. HP: 108/117 MP: 29/29
 46327 | Spider:4 | Reached skill level 10 in Evocations
 46480 | Spider:3 | Reached skill level 15 in Fighting
 46615 | Spider:4 | Got a gossamer rune of Zot
 47035 | Shoals:1 | Entered Level 1 of the Shoals
 47048 | Lair:2   | Received a gift from Okawaru
 47481 | Shoals:1 | Noticed Frances
 47492 | Shoals:1 | Killed Frances
 48355 | Shoals:1 | Received a gift from Okawaru
 49517 | Shoals:2 | Received a gift from Okawaru
 49700 | Shoals:2 | Identified the +1 scale mail of Tupleohou {rElec}
 51105 | Shoals:3 | Received a gift from Okawaru
 51318 | Shoals:3 | Noticed Ilsuiw
 51357 | Shoals:3 | Killed Ilsuiw
 51531 | Shoals:3 | Reached XP level 19. HP: 90/125 MP: 31/31
 52025 | Shoals:3 | Acquired a manual of Short Blades
 52471 | Shoals:4 | Entered Level 4 of the Shoals
 52505 | Shoals:4 | Reached skill level 1 in Short Blades
 52511 | Shoals:4 | Received a gift from Okawaru
 53671 | Shoals:4 | Noticed Kirke
 53700 | Shoals:4 | Killed Kirke
 53713 | Shoals:4 | Identified the +2 hunting sling of Miwoses {freeze, Int+4}
                  | (Okawaru gifted it to you on level 4 of the Shoals)
 53713 | Shoals:4 | Received a gift from Okawaru
 53735 | Shoals:4 | HP: 5/125 [satyr/sling bullet (19)]
 53764 | Shoals:4 | HP: 1/125 [satyr/arrow (17)]
 54206 | Shoals:4 | Reached skill level 5 in Short Blades
 54247 | Shoals:4 | Received a gift from Okawaru
 54290 | Shoals:4 | Identified the +3 demon whip "Zooraf" {freeze, rN+ Dex+3
                  | Stlth+}
 54439 | Shoals:4 | Got a barnacled rune of Zot
 54461 | Shoals:4 | Identified the +7 hand crossbow "Liqui" {elec, +Blink
                  | Will+}
 55547 | Elf:1    | Entered Level 1 of the Elven Halls
 55653 | Elf:1    | You are sucked into a shaft and drop 1 floor!
 55653 | Elf:2    | Found Quvvir's Distillery.
 55676 | Elf:1    | Reached skill level 16 in Fighting
 55861 | Elf:1    | Identified the ring "Wosaph" {Fly rC+}
 55876 | Elf:1    | Received a gift from Okawaru
 56296 | Elf:1    | Got the Tome of Supportive Battle Magic
 56606 | Elf:2    | Found a glowing silver altar of Zin.
 56608 | Elf:2    | Reached XP level 20. HP: 70/131 MP: 33/33
 56827 | Elf:2    | Found a white marble altar of Elyvilon.
 56828 | Elf:2    | Found a glowing golden altar of the Shining One.
 56839 | Elf:2    | Got the Tome of Mutagenic Stones
 56847 | Elf:2    | Bought a potion of mutation for 128 gold pieces
 56847 | Elf:2    | Bought 2 potions of mutation for 256 gold pieces
 56847 | Elf:2    | Bought a potion of heal wounds for 80 gold pieces
 56847 | Elf:2    | Bought a potion of mutation for 128 gold pieces
 57107 | Elf:2    | Paralysed by an air elemental for 1 turns
 57120 | Elf:2    | Identified the +4 robe of Nonezuqy {-Cast Str+8 Stlth+}
                  | (Okawaru gifted it to you on level 2 of the Elven Halls)
 57120 | Elf:2    | Received a gift from Okawaru
 57369 | Elf:2    | Found a runed translucent gate.
 57370 | Elf:2    | Found a runed translucent gate.
 57370 | Elf:2    | Found a runed translucent gate.
 57451 | Elf:2    | Found the +9 heavy crossbow "Sniper" {vorpal, Acc+∞ SInv}
 57486 | Elf:2    | Found a runed translucent gate.
 57486 | Elf:2    | Found a runed translucent gate.
 57486 | Elf:2    | Found a runed translucent gate.
 57486 | Elf:2    | Found a runed translucent gate.
 57486 | Elf:2    | Found a runed translucent gate.
 57486 | Elf:2    | Found a runed translucent gate.
 58409 | Elf:2    | Received a gift from Okawaru
 58801 | Elf:3    | Entered Level 3 of the Elven Halls
 58873 | Elf:3    | Reached skill level 10 in Stealth
 58931 | Elf:3    | Found a runed translucent gate.
 58931 | Elf:3    | Found a runed translucent gate.
 58931 | Elf:3    | Found a runed translucent gate.
 58997 | Elf:3    | Found Waing's Assorted Antiques.
 59012 | Elf:3    | Bought a scroll of brand weapon for 580 gold pieces
 59883 | Elf:3    | Noticed Louise
 59895 | Elf:3    | Killed Louise
 59904 | Elf:3    | Received a gift from Okawaru
 59905 | Elf:3    | Reached XP level 21. HP: 28/138 MP: 26/34
 59907 | Elf:3    | Reached skill level 17 in Fighting
 59907 | Elf:3    | Killed from afar by a deep elf sorcerer

Illustrated notes

Levels and vault maps discovered:
D:1:      co_arrival_hexagon_in_a_hexagon, layout_loops_ring,
          kennysheep_nondescript, kennysheep_decorative_pillar,
          nrook_loot_triangle
D:2:      layout_loops_ring, uniq_jessica
D:3:      layout_basic, hangedman_decor_points, st_stairs_3, minmay_puff
D:4:      layout_loops_ring, nrook_uturn, uniq_eustachio, uniq_ijyb,
          uniq_edmund, uniq_natasha
D:5:      layout_loops_ring, ebering_ghost_reflecting_pool,
          minmay_misc_feat_iff, st_stairs_12, uniq_sigmund
D:6:      layout_basic, minmay_temple_entry_trees, hangedman_decor_peaks_small
D:7:      layout_cave_pools, feat_on_display, uniq_pikel, uniq_harold
D:8:      layout_basic, lair_entry_dummy
D:9:      layout_basic, uniq_erolcha
D:10:     layout_loops_corners, grunt_qazlal_sundering, zombieorc1_lemuel,
          grunt_decor_resistance, due_unseen_surprise
D:11:     layout_loops_ring, biasface_ghost_orc_armoury,
          kennysheep_generic_room_6
D:12:     layout_roguey, minmay_starry_boxes
D:13:     regret_index_tunnel_blossom, layout_basic, chei_slow_surprise
D:14:     kennysheep_tiny_hell, layout_rooms, erik_vaults_1,
          grunt_gozag_statues, drop_trap
D:15:     hangedman_depths_entry_civil_slaughter, layout_layer_cave,
          vehumet_crystals, beargit_elvish_explorers, uniq_agnes
Temple:   nicolae_temple_the_god_donut
Lair:1:   layout_chaotic_city, ebering_ghost_xom, minmay_stone_trees_small
Lair:2:   wad_woods_04, layout_chaotic_city, elwin_shoals_entry_rooms,
          gauntlet_entry_generic, serial_bayou_shore_b
Lair:3:   nzn_winding_woodlands_large [nzn_winding_woodlands_5x5_default,
          nzn_winding_woodlands_5x15_pathside_ponds,
          nzn_winding_woodlands_5x5_default,
          nzn_winding_woodlands_center_triple_pond,
          nzn_winding_woodlands_15x15_thick_spiral,
          nzn_winding_woodlands_center_garden,
          nzn_winding_woodlands_5x5_perimeter,
          nzn_winding_woodlands_5x15_jagged, nzn_winding_woodlands_5x5_default],
          layout_misc_corridors, nicolae_spider_entry_orb_guardian,
          grunt_forest_stairs_clearing
Lair:4:   layout_regular_city, tgw_fedhas, grunt_megastairs_3
Lair:5:   layout_long_grid, serial_bayou_pond_e, uniq_snorg
Lair:6:   gammafunk_lair_ancient_temple, layout_regular_city,
          nicolae_slime_entry_slimehenge, st_stairs_10, serial_bayou_pond_e,
          lookout_lair_type
Shoals:1: layout_shoals, uniq_frances
Shoals:2: layout_shoals
Shoals:3: layout_shoals, uniq_ilsuiw
Shoals:4: shoals_end_hellmonk_lost_city, uniq_kirke
Spider:1: layout_chambers, guppyfry_hornet_nest
Spider:2: layout_spider_delve, nicolae_spider_some_kinda_spiderbox
Spider:3: layout_spider_delve, drop_trap, uniq_arachne
Spider:4: grunt_spider_rune_circles
Orc:1:    layout_caves
Orc:2:    st_orc_pillars, layout_caves, nicolae_volcano_entry_hallway,
          serial_shops, shop
Elf:1:    elf_arrival_001, layout_rooms, minmay_elf_sorcery
Elf:2:    nicolae_elf_blades_crystal_corner, layout_rooms,
          portal_desolation_entry_holy_temple, serial_shops, shop, orc_legates
Elf:3:    elf_hall, layout_gridlike, serial_shops, nicolae_lakefront_shop,
          st_stairs_2, nicolae_elf_hall_of_bonks, uniq_louise

Skill      XL: |  1  2  3  4  5  6  7  8  9 10 11 12 13 14 15 16 17 18 19 20 21 |
---------------+----------------------------------------------------------------+-----
Axes           | 2 3 4 5 |  5.8
Dodging        | 1 2 3 4 5 |  5.0
Shields        | 4 5 |  5.8
Fighting       | 4 5 6 7 8 9 10 11 12 13 14 15 16 17 | 17.0
Armour         | 4 6 7 8 9 10 11 12 13 14 | 14.8
Slings         | 2 |  2.2
Staves         | 4 6 9 11 13 | 13.9
Invocations    | 1 3 4 6 7 9 10 11 12 13 14 | 14.3
Throwing       | 2 3 4 |  4.5
Evocations     | 2 4 6 7 8 9 10 11 | 11.7
Stealth        | 1 2 3 4 5 7 9 10 | 10.5
Maces & Flails | 1 2 3 4 |  4.3
Spellcasting   | 3 5 6 7 8 9 |  9.9
Translocations | 3 |  3.8
Transmutations | 2 4 5 6 7 8 |  8.2
Short Blades   | 8 |  8.0
Crossbows      | |  0.2

Action                   |  1- 3 |  4- 6 |  7- 9 | 10-12 | 13-15 | 16-18 | 19-21 || total
-------------------------+-------+-------+-------+-------+-------+-------+-------++-------
Melee: War axe           |    65 |   239 |   122 |       |       |       |       ||   426
       Lajatang          |       |       |   115 |   643 |  1386 |  1756 |   312 ||  4212
       Morningstar       |       |       |       |       |    78 |     5 |       ||    83
       Pair of quick bla |       |       |       |       |       |       |   757 ||   757
 Fire: Hunting sling     |    17 |     4 |     4 |       |       |       |       ||    25
       Heavy crossbow    |       |       |       |       |       |       |     5 ||     5
Throw: Stone             |       |     1 |       |       |       |       |       ||     1
       Boomerang         |       |       |    12 |    25 |    39 |    26 |     8 ||   110
       Dart              |       |       |       |    13 |     5 |       |       ||    18
 Cast: Wereblood         |       |       |       |       |       |       |    22 ||    22
       Blink             |       |       |       |       |       |       |     1 ||     1
Invok: Heroism           |       |       |       |     3 |     2 |     8 |     4 ||    17
       Finesse           |       |       |       |       |     1 |     6 |    12 ||    19
 Abil: Evoke Berserk Rag |       |       |       |       |     8 |       |       ||     8
Evoke: Wand              |       |     1 |     5 |     2 |     5 |     2 |     3 ||    18
       Lightning rod     |       |       |       |       |     1 |       |     1 ||     2
       Tin of tremorston |       |       |       |       |       |       |     4 ||     4
       Condenser vane    |       |       |       |       |       |       |     2 ||     2
  Use: Potion            |       |     6 |     2 |     1 |     6 |     2 |     3 ||    20
       Scroll            |       |       |    11 |     6 |    10 |     3 |     2 ||    32
 Stab: Confused          |       |       |       |     1 |     1 |       |       ||     2
       Sleeping          |       |       |       |       |     4 |       |       ||     4
Armor: Scale mail        |    49 |   116 |       |   261 |   567 |       |       ||   993
       Chain mail        |       |    19 |   155 |     9 |       |       |       ||   183
       Crystal plate arm |       |       |       |       |   194 |  1742 |   634 ||  2570
Dodge: Dodged            |    21 |    81 |    89 |   288 |   835 |   812 |   262 ||  2388
Block: Kite shield       |    32 |   149 |    58 |       |       |       |       ||   239
